Map: Apotheosis LE

Players

Stalker

  • Race: Protoss Protoss
  • League: Diamond

Kav - Winner!

  • Race: Zerg Zerg
  • League: Master

VOD

Have the link to the VOD?

Description

Time

  • Played on: Sept. 13, 2016, 10:47 p.m.
  • Length: 4:25
Show
View Real Time Build Order
Export as new Build Order

Stalker Protoss 

Build Orders:  

Get SALT Encoding   

  12  0:01  Probe (Chrono Boost)  
  13  0:15  Pylon  
  13  0:18  Probe (Chrono Boost)  
  14  0:34  Forge  
  14  0:37  Probe (Chrono Boost)  
  15  0:48  Probe (Chrono Boost)  
  16  0:56  Gateway  
  16  1:02  Pylon  
  16  1:05  Probe (Chrono Boost)  
  17  1:19  Pylon  
  17  1:25  Photon Cannon  
  17  1:39  Probe (Chrono Boost)  
  18  1:43  Photon Cannon  
  18  2:01  Probe (Chrono Boost)  
  18  2:02  Cybernetics Core  
  19  2:08  Pylon  
  19  2:11  Pylon  
  19  2:14  Probe (Chrono Boost)  
  20  2:20  Pylon  
  20  2:25  Assimilator  
  20  2:31  Photon Cannon  
  20  2:46  Probe (Chrono Boost)  
  21  2:57  Probe (Chrono Boost)  
  22  3:06  Nexus  
  22  3:14  Pylon  
  22  3:24  Photon Cannon  
  22  3:28  Zealot  
  24  3:36  Assimilator  
  25  3:49  Mothership Core (Chrono Boost)  
  25  3:53  Pylon  
Show
View Real Time Build Order
Export as new Build Order

Kav Zerg - Winner!

Build Orders: Hatch First 

Get SALT Encoding   

  12  0:01  Drone  
  13  0:13  Overlord  
  13  0:17  Drone  
  14  0:31  Drone x2  
  14  0:35  Drone  
  17  0:56  Drone, Hatchery  
  17  0:59  Drone  
  18  1:09  Extractor  
  18  1:10  Drone  
  18  1:18  Spawning Pool  
  17  1:21  Drone  
  18  1:41  Overlord  
  18  1:42  Drone  
  20  2:03  Hatchery  
  20  2:05  Zergling x2  
  20  2:06  Zergling x2  
  21  2:09  Metabolic Boost  
  21  2:10  Queen  
  21  2:13  Zergling x2  
  24  2:26  Zergling x2  
  25  2:39  Zergling x2  
  26  2:46  Queen  
  28  2:56  Zergling x4  
  31  3:10  Baneling Nest, Overlord  
  31  3:12  Hatchery  
  29  3:23  Lair  
  29  3:29  Zergling x4  
  31  3:38  Zergling x6  
  34  3:52  Zergling x2  
  34  4:03  Zergling x2  
Tags
 
Add a new tag
Caveats
  • Supply blocks, unpowered buildings, or Contaminate may cause inaccurate times.
  • Supply counts are checked every 10 seconds.